 Dungeon Crawl Stone Soup version 0.22-a0-799-g88f5e90 (webtiles) character file.

55 iamserjio the Firebug (level 3, 0/19 HPs)
             Began as a Tengu Fire Elementalist on July 21, 2018.
             Slain by a hobgoblin
             ... wielding a +0 club
              (1 damage)
             ... on level 3 of the Dungeon.
             The game lasted 00:05:08 (804 turns).

iamserjio the Firebug (Tengu Fire Elementalist)      Turns: 804, Time: 00:05:08

Health: 0/19       AC:  2    Str:  8    XL:     3   Next: 93%
Magic:  3/8        EV: 12    Int: 16    God:
Gold:   108        SH:  0    Dex: 14    Spells: 3/7 levels left

rFire    . . .     SeeInvis .   d - +0 mace
rCold    . . .     Gourm    .   (no shield)
rNeg     . . .     Faith    .   a - +0 robe
rPois    .         Spirit   .   (helmet restricted)
rElec    .         Reflect  .   (no cloak)
rCorr    .         Harm     .   (no gloves)
MR       .....                  (boots unavailable)
Stlth    +.........             (no amulet)
HPRegen  0.06/turn              k - ring of attention (curse)
MPRegen  0.11/turn              (no ring)

@: very slightly contaminated
A: beak, talons 3
a: no special abilities


You were on level 3 of the Dungeon.
You were not hungry.

You visited 1 branch of the dungeon, and saw 3 of its levels.

You collected 108 gold pieces.

Inventory:

Hand Weapons
 d - a +0 mace (weapon)
 f - a +0 hunting sling
Missiles
 h - 20 sling bullets
 l - 28 stones (quivered)
 o - 21 arrows
Armour
 a - a +0 robe (worn)
 i - a +0 cloak
Jewellery
 k - a cursed ring of attention (left hand)
Scrolls
 b - 2 scrolls of teleportation {unknown}
 g - a scroll of enchant weapon {unknown}
 j - a scroll of blinking {unknown}
 m - a scroll of amnesia {unknown}
 n - a scroll of identify {unknown}
Potions
 e - a potion of brilliance {unknown}
Comestibles
 c - 2 rations


   Skills:
 - Level 2.1 Dodging
 - Level 2.0 Stealth
 + Level 2.7 Spellcasting
 + Level 3.0 Conjurations
 + Level 4.0 Fire Magic


You had 3 spell levels left.
You knew the following spells:

 Your Spells              Type           Power        Failure   Level  Hunger
a - Flame Tongue          Conj/Fire      ##...        4%          1    #......
b - Conjure Flame         Conj/Fire      ##......     14%         3    ###....

Your spell library contained the following spells:

 Spells                   Type           Power        Failure   Level  Hunger
 Fireball                 Conj/Fire      ##........   77%         5    ######.
 Throw Flame              Conj/Fire      ##....       7%          2    ##.....
 Sticky Flame             Conj/Fire      ##......     41%         4    #####..
 Inner Flame              Hex/Fire       #.......     26%         3    ###....


Dungeon Overview and Level Annotations

Branches:
Dungeon (3/15)

Altars:

Annotations:
D:2 Sigmund, Terence


Innate Abilities, Weirdness & Mutations

You have a beak for a mouth.
You have claws for feet.


Message History

Aim: a hobgoblin, wielding a club The flame tongue hits the hobgoblin.
You kill the hobgoblin!
Your Conjurations skill increases to level 3!
Casting: Flame Tongue (safe; 4% risk of failure)
Confirm with . or Enter, or press ? or * to list all spells.
Aiming: Flame Tongue (safe; 4% risk of failure)
Press: ? - help, Shift-Dir - straight line, f - hobgoblin
Aim: a hobgoblin, wielding a club You miscast Flame Tongue.
Nothing appears to happen.
The hobgoblin hits you with a club.
* * * LOW HITPOINT WARNING * * *
Casting: Flame Tongue (safe; 4% risk of failure)
Confirm with . or Enter, or press ? or * to list all spells.
Aiming: Flame Tongue (safe; 4% risk of failure)
Press: ? - help, Shift-Dir - straight line, f/p - hobgoblin
Aim: a hobgoblin, wielding a club You miscast Flame Tongue.
You smell smoke.
The hobgoblin hits you with a club.
You die...

################
#.............[.
#>..!@g.........
#.#####...#####
#.#.# #.#.#
#.#.## #.#..#
#.#.## #.#<.#
#.####


You could see a hobgoblin.

Vanquished Creatures
  Robin (D:2)
  An ooze (D:1)
  A worm (D:2)
  A dart slug (D:1)
  9 goblins
  8 hobgoblins
  4 jackals (D:1)
  3 bats (D:1)
  A kobold (D:2)
  A rat (D:1)
30 creatures vanquished.

Notes
Turn   | Place    | Note
-------+----------+-------------------------------------------
     0 | D:1      | iamserjio the Tengu Fire Elementalist began the quest for the Orb.
     0 | D:1      | Reached XP level 1. HP: 10/10 MP: 4/4
   112 | D:1      | Reached XP level 2. HP: 8/15 MP: 6/6
   470 | D:2      | Noticed Terence
   486 | D:2      | Reached XP level 3. HP: 16/19 MP: 5/7
   491 | D:2      | Learned a level 3 spell: Conjure Flame
   491 | D:2      | Noticed Sigmund
   575 | D:2      | Noticed Robin
   663 | D:2      | Killed Robin
   663 | D:2      | Reached skill level 4 in Fire Magic
   804 | D:3      | Slain by a hobgoblin

Vault maps used:
D:1:      minmay_arrival_stair_chambers
D:2:      uniq_sigmund, uniq_terence, uniq_robin
D:3:      uniq_crazy_yiuf_cottage

Skill      XL: |  1  2  3 |
---------------+----------+-----
Conjurations   | 2 3 |  3.0
Fire Magic     | 4 |  4.0
Dodging        | |  2.1
Stealth        | |  2.0
Spellcasting   | |  2.7

Action                   || total
-------------------------++-------
Melee: Mace              ||    24
       Kick              ||     4
       Peck              ||     1
 Cast: Flame Tongue      ||    34
 Stab: Sleeping          ||     1
Armor: Robe              ||     9
Dodge: Dodged            ||    30

Table legend:
 A = Spawn XP
 B = Non-spawn XP
 C = Spawn XP percentage of total XP
 D = Spawn monster count
 E = Non-spawn monster count
 F = Spawn count percentage of total count
 G = Total turns spent on level
                    A         B        C        D         E        F      G
               +---------+---------+-------+---------+---------+-------+---------
         Total |       0 |      79 |   0.0 |       0 |      30 |   0.0 |   804
               +---------+---------+-------+---------+---------+-------+---------
           D:1 |       0 |      35 |   0.0 |       0 |      15 |   0.0 |   546
           D:2 |       0 |      42 |   0.0 |       0 |      14 |   0.0 |   243
           D:3 |       0 |       2 |   0.0 |       0 |       1 |   0.0 |    15
               +---------+---------+-------+---------+---------+-------+---------
